 Dungeon Crawl Stone Soup version 0.27-b1-41-gafb5482f4b (webtiles) character file.

Game seed: 11875958117979825856

367 Urokeeper the Sneak (level 6, 0/59 HPs)
             Began as a Troll Brigand on July 28, 2021.
             Succumbed to a scorpion's poison
             ... on level 5 of the Dungeon.
             The game lasted 00:10:19 (2562 turns).

Urokeeper the Sneak (Troll Brigand)                 Turns: 2562, Time: 00:10:19

Health: 0/59       AC:  4    Str: 20    XL:     6   Next: 41%
Magic:  1/1        EV: 10    Int:  7    God:
Gold:   131        SH:  0    Dex: 13    Spells: 5/5 levels left

rFire    . . .     SeeInvis .   e - +2 dagger (antimagic)
rCold    . . .     Faith    .   (no shield)
rNeg     . . .     Spirit   .   b - +0 robe
rPois    .         Reflect  .   (helmet restricted)
rElec    .         Harm     .   n - scarf {shadows}
rCorr    .         Rampage  .   (gloves unavailable)
Will     .....                  (boots unavailable)
Stlth    ++........             (no amulet)
HPRegen  1.19/turn              (no ring)
MPRegen  0.07/turn              (no ring)

@: lethally poisoned (0 -> -5)
A: large, unfitting armour, claws 3, regeneration 1, shaggy fur 1, tough skin 1
a: no special abilities


You were on level 5 of the Dungeon.
You visited 1 branch of the dungeon, and saw 5 of its levels.

You collected 131 gold pieces.

Inventory:

Hand Weapons
 a - a +2 dagger
 e - a +2 antimagic dagger (weapon)
Missiles
 d - 42 poisoned darts (quivered)
Armour
 b - a +0 robe (worn)
 c - a +0 cloak
 n - a scarf of shadows (worn)
Wands
 j - a wand of digging (4)
Scrolls
 g - a scroll of immolation {unknown}
 i - a scroll of enchant armour {unknown}
 m - a scroll of identify {unknown}
 o - a scroll of blinking {unknown}
 s - a scroll of teleportation {unknown}
Potions
 f - a potion of might {unknown}
 h - 2 potions of curing
 k - a potion of flight {unknown}
 l - a potion of ambrosia {unknown}
 p - a potion of haste {unknown}
 q - a potion of attraction {unknown}
 r - a potion of heal wounds {unknown}


   Skills:
 + Level 2.8 Fighting
 + Level 3.0 Short Blades
 + Level 2.0 Throwing
 + Level 2.3 Dodging
 + Level 3.3 Stealth


You had 5 spell levels left.
You didn't know any spells.
Your spell library was empty.

Dungeon Overview and Level Annotations

Branches:
Dungeon (5/15)
 Temple: D:4-7

Altars:
Elyvilon

Annotations:
D:5 Pikel


Innate Abilities, Weirdness & Mutations

You are too large for most types of armour.
You have claws for hands.
Your natural rate of healing is unusually fast.
You are covered in fur. (AC +1)
You have tough skin. (AC +1)


Message History

You feel sick.
You feel sick.
The scorpion stings you but does no damage.
You feel sick. The scorpion stings you.
You are more poisoned.
The scorpion poisons you!
You feel very sick. The lemure barely misses you.
You feel very sick.
You feel sick.
You feel sick.
You feel sick. The scorpion barely misses you.
You feel sick.
You feel sick. The scorpion stings you.
You feel sick. The scorpion stings you!
* * * LOW HITPOINT WARNING * * *
You feel sick.
You are no longer poisoned.
The scorpion barely misses you.
A water moccasin comes into view.
The sky beast flickers out of sight!
Deactivating autopickup; reactivate with Ctrl-A.
The scorpion barely misses you.
The water moccasin hisses angrily.
The water moccasin bites you!
* * * LOW HITPOINT WARNING * * *
The water moccasin barely misses you.
You closely miss the water moccasin. The scorpion stings you.
* * * LOW HITPOINT WARNING * * *
The water moccasin bites you.
* * * LOW HITPOINT WARNING * * *
You hit the water moccasin.
The water moccasin is lightly wounded.
The water moccasin barely misses you. The scorpion stings you.
* * * LOW HITPOINT WARNING * * *
You are lethally poisoned!
The scorpion poisons you!
You hit the water moccasin.
The water moccasin is moderately wounded.
You die...

.# ##.# #..#.#.#
5+ .... #...5#.#
.##
##.########.####.#
..# ..
......5.....# #.#
.#######5######
#.5. #5# #.....
#{# #.....
#s###### .(K..
#@...... #S###...
... 8 ##.## #.#
#.# #.#


You could see a water moccasin, 3 lemures and a scorpion.

Vanquished Creatures
  A necrophage (D:4)
  A phantom (D:4)
  A scorpion (D:4)
  A water moccasin skeleton (D:4)
  4 adders
  A dart slug (D:3)
  2 orcs
  2 ball pythons
  4 endoplasms (D:1)
  5 giant cockroaches
  7 goblins
  11 hobgoblins
  3 jackals (D:3)
  3 kobolds
  3 quokkas (D:1)
  10 bats
  3 frilled lizards
  4 rats
66 creatures vanquished.

Notes
Turn   | Place    | Note
-------+----------+-------------------------------------------
     0 | D:1      | Urokeeper the Troll Brigand began the quest for the Orb.
     0 | D:1      | Reached XP level 1. HP: 19/19 MP: 0/0
    65 | D:1      | Found a faded altar of an unknown god.
   202 | D:1      | Reached XP level 2. HP: 27/27 MP: 1/1
   405 | D:1      | Reached skill level 1 in Dodging
   459 | D:1      | Reached XP level 3. HP: 35/35 MP: 2/2
  1208 | D:3      | Reached XP level 4. HP: 42/42 MP: 3/3
  1386 | D:3      | Found a white marble altar of Elyvilon.
  1940 | D:4      | Noticed a necrophage
  1969 | D:4      | Killed a necrophage
  1970 | D:4      | Reached XP level 5. HP: 30/50 MP: 4/4
  2060 | D:4      | Noticed a phantom
  2138 | D:4      | Killed a phantom
  2139 | D:4      | Reached XP level 6. HP: 22/59 MP: 5/5
  2496 | D:5      | Entered Level 5 of the Dungeon
  2503 | D:5      | Noticed Pikel
  2532 | D:5      | Noticed a sky beast
  2555 | D:5      | Noticed a water moccasin
  2561 | D:5      | HP: 2/59 [scorpion (2)]
  2562 | D:5      | Succumbed to a scorpion's poison

Illustrated notes

Levels and vault maps discovered:
D:1:      dpeg_arrival_rhombi, layout_basic, shapermc_ecumenical_altar_acropolis
D:2:      layout_basic
D:3:      minmay_general_purpose_star, layout_loops_ring,
          mainiacjoe_overflow_surrounded_room
D:4:      layout_rooms
D:5:      layout_basic, minmay_temple_entry_statues_fountains, uniq_duvessa,
          uniq_pikel, uniq_eustachio, uniq_prince_ribbit1

Skill      XL: |  1  2  3  4  5  6 |
---------------+-------------------+-----
Throwing       | 2 |  2.0
Dodging        | 1 2 |  2.3
Fighting       | 2 |  2.8
Short Blades   | 2 3 |  3.0
Stealth        | 3 |  3.3

Action                   |  1- 3 |  4- 6 || total
-------------------------+-------+-------++-------
Melee: Dagger            |   154 |   165 ||   319
Throw: Dart              |       |     4 ||     4
 Stab: Sleeping          |    13 |     4 ||    17
Armor: Robe              |    60 |    45 ||   105
Dodge: Dodged            |    72 |    70 ||   142
